cohdb
Replays
Latest Replays
All Replays
Popular Replays
Top Player Replays
Match Explorer
How It Works
Community
CoH3 Stats
Reddit
Sign in to upload your games and track your stats! →
Sign in with Steam
Match 43696723
Unlisted
Match 43696723
Overview
Messages
Build Orders
End
Selects Indian Artillery Battlegroup
Construct Section Command Post
Infantry Section
Dingo Light Scout Car
Vickers Machine Gun Team
Grenade Package
Selects Towed ML 4.2-inch Heavy Mortar
Towed ML 4.2-inch Heavy Mortar
Construct Platoon Command Post
Selects Off-map Airburst Barrage
Infantry Section
6-pounder Anti-tank Gun Team
Off-map Airburst Barrage
Selects Valour
Construct Company Command Post
Selects Gurkha Rifles Section
Selects BL5.5 Artillery Emplacement
Off-map Airburst Barrage
Infantry Section
Matilda II Heavy Tank
CMP 15cwt Truck
Selects Pillage
Royal Engineer Section
Vickers Machine Gun Team
Off-map Airburst Barrage
Matilda II Heavy Tank
Off-map Airburst Barrage
Armored Vehicle Training
Infantry Training
Off-map Airburst Barrage
Foot Guards Section
Foot Guards Section
Infantry Section
Light Vehicle Training
Team Weapon Training
Off-map Airburst Barrage
Unlock M3 Grant Medium Tanks
M3 Grant Medium Tank
Royal Engineer Section
Foot Guards Section
AI Takeover
TheGreatMufasa
Lord Gregorious
Smelly Joe
Joraad
BurninChicken
BlimpAttack73
0
0
Comments
sign in to comment!
No comments posted yet!